[Event "EYCC Girls U16 2021"]
[Site "Tornelo"]
[Date "2021.10.15"]
[Round "1.2"]
[White "Bashylina, Luisa"]
[Black "Mroz, Lena"]
[Result "1/2-1/2"]
[ECO "D31"]
[WhiteElo "2127"]
[BlackElo "1775"]
[Annotator "NA"]
[PlyCount "142"]
[EventDate "2021.10.15"]
[EventType "swiss"]
[EventCountry "NET"]
[SourceTitle "playchess.com"]
[Source "ChessBase"]
[SourceQuality "1"]
[TimeControl "5400+30"]

1. d4 d5 2. c4 e6 3. Nc3 c6 4. e4 dxe4 5. Nxe4 Bb4+ 6. Nc3 c5 7. a3 Ba5 8. Nge2 cxd4 9. Qxd4 Qxd4 10. Nxd4 Bxc3+ 11. bxc3 Bd7 12. Be2 Bc6 13. O-O Nf6 14. Be3 O-O 15. Nb5 Bxb5 16. cxb5 e5 17. Rfd1 Re8 18. c4 b6 19. a4 Nbd7 20. a5 h6 21. h3 Kf8 22. Ra3 Rab8 23. axb6 axb6 24. Ra7 Re7 25. Rd6 Ke8 26. Rc6 Re6 27. Rcc7 Kd8 28. Bg4 Rd6 29. Bf5 Rc8 30. Rxc8+ Kxc8 31. Ra6 Kb7 32. Kf1 Kc7 33. Ke2 h5 34. f4 e4 35. Bxd7 Nxd7 36. f5 Rf6 37. Ra7+ Kc8 38. g4 hxg4 39. hxg4 g6 40. Bg5 Rd6 41. Ke3 f6 42. Bf4 Rd3+ 43. Ke2 g5 44. Be3 Rc3 45. Ra4 Kb7 46. Rb4 Ne5 47. c5 bxc5 48. Rxe4 Nd7 49. Re7 Kc8 50. Re6 Rb3 51. Bxc5 Nxc5 52. Rc6+ Kb7 53. Rxc5 Rb4 54. Kf3 Rf4+ 55. Kg3 Rb4 56. Rc6 Rb3+ 57. Kf2 Rb4 58. Kf3 Rb3+ 59. Ke4 Rb4+ 60. Kd3 Rxg4 61. Rxf6 Rf4 62. Ke3 Kc7 63. Rc6+ Kd7 64. f6 Rf5 65. Rb6 Kc7 66. Ra6 Rxb5 67. f7 Rb8 68. Kf3 Rf8 69. Kg4 Kd7 70. Ra7+ Ke6 71. Kxg5 Rxf7 1/2-1/2

[Event "EYCC Girls U16 2021"]
[Site "Tornelo"]
[Date "2021.10.15"]
[Round "1.3"]
[White "Kara, Gulce Nehir"]
[Black "Lomaia, Diana"]
[Result "1-0"]
[ECO "B47"]
[WhiteElo "1766"]
[BlackElo "2111"]
[Annotator "NA"]
[PlyCount "105"]
[EventDate "2021.10.15"]
[EventType "swiss"]
[EventCountry "NET"]
[SourceTitle "playchess.com"]
[Source "ChessBase"]
[SourceQuality "1"]
[TimeControl "5400+30"]

1. e4 c5 2. Nf3 e6 3. d4 cxd4 4. Nxd4 Nc6 5. Nc3 Qc7 6. Qd3 Nf6 7. Ndb5 Qb8 8. Qg3 d6 9. Be3 h6 10. O-O-O Ne5 11. f4 Neg4 12. e5 dxe5 13. Bxa7 Rxa7 14. Nxa7 Qxa7 15. Bb5+ Bd7 16. Bxd7+ Nxd7 17. Qxg4 Qe3+ 18. Kb1 Nf6 19. Qe2 Qxe2 20. Nxe2 exf4 21. Nxf4 Bc5 22. Rhe1 O-O 23. Re5 b6 24. h3 g5 25. Nd3 Bd4 26. Rb5 Nd5 27. Re1 Rd8 28. Nb4 Bf2 29. Rh1 Nf4 30. Nd3 Nxd3 31. Rd1 Kg7 32. Rxd3 Rc8 33. b4 f6 34. Rd2 Bg1 35. Rd1 Bf2 36. Rd2 Bg1 37. a4 e5 38. a5 bxa5 39. bxa5 Ra8 40. c4 e4 41. Re2 Re8 42. a6 Kg6 43. g4 Bd4 44. Kc2 h5 45. c5 hxg4 46. hxg4 f5 47. Rb6+ Kg7 48. gxf5 Bxc5 49. Re6 Rf8 50. Rg6+ Kf7 51. Rxe4 Be7 52. Rc6 Bf6 53. Ree6 1-0

[Event "EYCC Girls U16 2021"]
[Site "Tornelo"]
[Date "2021.10.15"]
[Round "1.4"]
[White "Kanyamarala, Trisha"]
[Black "Lindstad, Livia"]
[Result "1-0"]
[ECO "D13"]
[WhiteElo "2082"]
[BlackElo "1742"]
[Annotator "ChessBase"]
[PlyCount "67"]
[EventDate "2021.10.15"]
[EventType "swiss"]
[EventCountry "NET"]
[SourceTitle "playchess.com"]
[Source "ChessBase"]
[SourceQuality "1"]
[TimeControl "5400+30"]

1. d4 d5 2. c4 c6 3. cxd5 cxd5 4. Nc3 Nc6 5. Nf3 Nf6 6. Bf4 a6 7. Ne5 Qb6 8. Nxc6 bxc6 9. Qd2 Bf5 10. f3 h5 11. Na4 Qa7 12. Rc1 Bd7 13. Nc5 Rc8 14. Qa5 e6 15. e3 Bxc5 16. Rxc5 Ra8 17. Bd6 Qb7 18. Rc2 Ng8 19. Ba3 f6 20. Qc5 Kf7 21. Rc3 a5 22. Rb3 Qc7 23. Bd3 a4 24. Rb6 h4 25. O-O h3 26. g3 Rh5 27. Rc1 f5 28. Qb4 Rg5 29. f4 Rg6 30. Rb7 Qd8 31. Rxc6 Rc8 32. Qd6 Rxc6 33. Rxd7+ Kf6 34. Qe5# 1-0

[Event "EYCC Girls U16 2021"]
[Site "Tornelo"]
[Date "2021.10.15"]
[Round "1.5"]
[White "Volovich, Julia"]
[Black "Allahverdiyeva, Ayan"]
[Result "1/2-1/2"]
[ECO "E97"]
[WhiteElo "1742"]
[BlackElo "2051"]
[Annotator "ChessBase"]
[PlyCount "86"]
[EventDate "2021.10.15"]
[EventType "swiss"]
[EventCountry "NET"]
[SourceTitle "playchess.com"]
[Source "ChessBase"]
[SourceQuality "1"]
[TimeControl "5400+30"]

1. d4 Nf6 2. c4 g6 3. Nc3 Bg7 4. e4 O-O 5. Nf3 d6 6. Be2 e5 7. O-O Nc6 8. dxe5 dxe5 9. Qxd8 Rxd8 10. Bg5 Re8 11. Nd5 Nxd5 12. cxd5 Nb8 13. Rac1 c6 14. Bc4 Bf8 15. Rfd1 Kg7 16. dxc6 Nxc6 17. Bb5 Be6 18. Bxc6 bxc6 19. Rxc6 h6 20. Be3 Bxa2 21. Ra1 Bb3 22. Ra5 Bb4 23. Rxe5 Red8 24. g3 a6 25. Nd4 Ba2 26. b3 Bb1 27. Rc1 Bd6 28. Rxb1 Bxe5 29. Nc6 Re8 30. Nxe5 Rxe5 31. Bd4 f6 32. Bxe5 fxe5 33. Ra1 Rb8 34. Rxa6 Rxb3 35. Kg2 Rb4 36. f3 Rb2+ 37. Kh3 Rf2 38. Kg4 Rxh2 39. Ra7+ Kf6 40. Ra6+ Kf7 41. Ra7+ Kf6 42. Ra6+ Kf7 43. Ra7+ Kf6 1/2-1/2

[Event "EYCC Girls U16 2021"]
[Site "Tornelo"]
[Date "2021.10.15"]
[Round "1.6"]
[White "Hakobyan, Astghik"]
[Black "Hertlein, Irena"]
[Result "0-1"]
[ECO "B48"]
[WhiteElo "2017"]
[BlackElo "1741"]
[Annotator "NA"]
[PlyCount "116"]
[EventDate "2021.10.15"]
[EventType "swiss"]
[EventCountry "NET"]
[SourceTitle "playchess.com"]
[Source "ChessBase"]
[SourceQuality "1"]
[TimeControl "5400+30"]

1. e4 c5 2. Nf3 e6 3. d4 cxd4 4. Nxd4 Nc6 5. Nc3 Qc7 6. Be3 a6 7. Be2 Nf6 8. a3 Be7 9. O-O O-O 10. f4 d6 11. Kh1 Nxd4 12. Bxd4 e5 13. Be3 $11 exf4 14. Bxf4 Be6 15. Qe1 Qc5 16. Bf3 Rac8 17. Rd1 Rfd8 18. Be3 Qc7 19. Qg3 Nd7 20. Bg4 Ne5 21. Nd5 Bxd5 22. exd5 Nxg4 23. Qxg4 Qxc2 24. Rc1 Qd3 25. Bd4 Bf8 26. h4 Rxc1 27. Rxc1 Re8 28. Rd1 Qe2 29. Qxe2 Rxe2 30. Kg1 h5 31. Kf1 Rc2 32. Bc3 Be7 33. Re1 Kf8 34. Bxg7+ Kxg7 35. Rxe7 Rxb2 36. Rd7 Rb6 37. Ke2 Kf8 38. Kf3 Ke8 39. Rc7 Rb1 40. g4 Kd8 41. Rc4 Rf1+ 42. Ke2 Rf6 43. gxh5 Rf5 44. Rd4 Rxh5 45. Kf3 f5 46. a4 b5 47. axb5 axb5 48. Rb4 Kc7 49. Kg3 Kb6 50. Rb1 Kc5 51. Rd1 b4 52. Rb1 Kc4 53. Kf4 b3 54. Rc1+ Kd3 55. Rc8 Rxh4+ 56. Kxf5 Rb4 57. Rc1 b2 58. Rb1 Kc2 0-1

[Event "EYCC Girls U16 2021"]
[Site "Tornelo"]
[Date "2021.10.15"]
[Round "1.7"]
[White "Russeva, Viktoria"]
[Black "Zvereva, Margarita"]
[Result "0-1"]
[ECO "B22"]
[WhiteElo "1713"]
[BlackElo "2013"]
[Annotator "NA"]
[PlyCount "110"]
[EventDate "2021.10.15"]
[EventType "swiss"]
[EventCountry "NET"]
[SourceTitle "playchess.com"]
[Source "ChessBase"]
[SourceQuality "1"]
[TimeControl "5400+30"]

1. e4 c5 2. c3 d5 3. exd5 Qxd5 4. d4 Nf6 5. Nf3 Bg4 6. Be2 e6 7. Na3 a6 8. Nc2 cxd4 9. Ncxd4 Bc5 10. O-O O-O 11. Qc2 e5 12. Nb3 e4 13. Nfd4 Bxe2 14. Qxe2 Bb6 15. Bf4 Nc6 16. Nxc6 Qxc6 17. Rad1 Rad8 18. Bg5 h6 19. Be3 Nd5 20. Bxb6 Nxb6 21. Nd4 Qg6 22. f3 Rfe8 23. fxe4 Rxe4 24. Qf3 Rde8 25. Nf5 Nc4 26. b3 Ne3 27. Nxe3 Rxe3 28. Qxb7 Rxc3 29. Rd6 Qxd6 30. Qxf7+ Kh7 31. Qxe8 Qd4+ 32. Kh1 Rc2 33. a4 Qd5 34. Rg1 Rb2 35. Qc8 a5 36. h3 Rxb3 37. Qc2+ Qd3 38. Qxd3+ Rxd3 39. Rc1 Rd4 40. Ra1 Kg6 41. Kg1 Kf5 42. Kf2 Ke4 43. Ke2 Rb4 44. Ra2 Kd4 45. Rd2+ Kc3 46. Rd7 Rxa4 47. Rxg7 Rb4 48. Rc7+ Kb2 49. g4 a4 50. Kf3 a3 51. Re7 a2 52. Re2+ Ka3 53. Rxa2+ Kxa2 54. h4 Kb3 55. g5 Rxh4 0-1

[Event "EYCC Girls U16 2021"]
[Site "Tornelo"]
[Date "2021.10.15"]
[Round "1.8"]
[White "Pipiras, Filipa Fortuna"]
[Black "Mihaljevic, Eva"]
[Result "1-0"]
[ECO "A40"]
[WhiteElo "1995"]
[BlackElo "1708"]
[Annotator "NA"]
[PlyCount "61"]
[EventDate "2021.10.15"]
[EventType "swiss"]
[EventCountry "NET"]
[SourceTitle "playchess.com"]
[Source "ChessBase"]
[SourceQuality "1"]
[TimeControl "5400+30"]

1. d4 e6 2. c4 b6 3. e4 Bb7 4. Nc3 Bb4 5. Qc2 Qh4 6. Bd3 f5 7. Nf3 Qg4 8. O-O Nf6 9. h3 Qh5 10. Nd2 Bxc3 11. bxc3 fxe4 12. Nxe4 Nc6 13. Bf4 O-O-O 14. c5 Rdf8 15. Bd2 Rhg8 16. cxb6 axb6 17. Rab1 g5 18. f3 Nd5 19. Nf2 Rg7 20. Rfe1 Qf7 21. Qb2 Nf4 22. Bf1 Ne7 23. Ne4 h5 24. Nd6+ cxd6 25. Bxf4 Qxf4 26. Qxb6 Nc6 27. Qxb7+ Kd8 28. Bb5 Ke8 29. Bxc6 Qf6 30. Qc8+ Ke7 31. Qxd7# 1-0

[Event "EYCC Girls U16 2021"]
[Site "Tornelo"]
[Date "2021.10.15"]
[Round "1.9"]
[White "Chuchukova, Stefani"]
[Black "Batagan, Ilinca-Petra"]
[Result "0-1"]
[ECO "D00"]
[WhiteElo "1698"]
[BlackElo "1977"]
[Annotator "NA"]
[PlyCount "102"]
[EventDate "2021.10.15"]
[EventType "swiss"]
[EventCountry "NET"]
[SourceTitle "playchess.com"]
[Source "ChessBase"]
[SourceQuality "1"]
[TimeControl "5400+30"]

1. d4 d5 2. Bg5 Nf6 3. Bxf6 gxf6 4. e3 e6 5. Nf3 c5 6. c3 Nc6 7. Nbd2 Bd6 8. Bd3 e5 9. e4 cxd4 10. exd5 Ne7 11. Qb3 dxc3 12. Ne4 f5 13. Bb5+ Kf8 14. Nxc3 a6 15. Be2 Kg7 16. h4 Re8 17. Ng5 Ng6 18. g3 b5 19. a3 Rb8 20. Na2 Qa5+ 21. Kf1 b4 22. a4 Bb7 23. Rd1 Rbc8 24. h5 Ne7 25. Bc4 Qc5 26. Rh4 e4 27. Rc1 Bxd5 28. Bxd5 Qxd5 29. Qxd5 Rxc1+ 30. Nxc1 Nxd5 31. Nb3 Be7 32. Nxe4 Bxh4 33. Nd6 Be7 34. Nxe8+ Kf8 35. Nd4 f4 36. g4 Kxe8 37. Ke2 Bf6 38. Kd3 Bxd4 39. Kxd4 Nb6 40. b3 a5 41. f3 Kd7 42. Kc5 Nxa4+ 43. Kb5 Nb2 44. Kxa5 Nd3 45. Kb5 Ne1 46. Kxb4 Nxf3 47. Kc3 Ke6 48. Kd3 Ke5 49. b4 Nd4 50. Kd2 Ke4 51. g5 Kf5 0-1

[Event "EYCC Girls U16 2021"]
[Site "Tornelo"]
[Date "2021.10.15"]
[Round "1.10"]
[White "Tokmakova, Ulyana"]
[Black "Carevic, Milica"]
[Result "0-1"]
[ECO "A27"]
[WhiteElo "1977"]
[BlackElo "1675"]
[Annotator "NA"]
[PlyCount "84"]
[EventDate "2021.10.15"]
[EventType "swiss"]
[EventCountry "NET"]
[SourceTitle "playchess.com"]
[Source "ChessBase"]
[SourceQuality "1"]
[TimeControl "5400+30"]

1. c4 e5 2. Nc3 Nc6 3. Nf3 f5 4. d3 Bb4 5. Bd2 Nf6 6. a3 Bxc3 7. Bxc3 d6 8. e3 O-O 9. Qb3 Kh8 10. Be2 Qe8 11. Qc2 Bd7 12. b4 a6 13. O-O Qg6 14. a4 Ne7 15. Rfb1 b6 16. Bd2 Rfc8 17. c5 b5 18. a5 Bc6 19. Ne1 h6 20. Bf3 e4 21. Be2 exd3 22. Bxd3 Ne4 23. cxd6 Qxd6 24. Rd1 Nxd2 25. Qxd2 Rd8 26. Qb2 Qe6 27. Bf1 Bd5 28. Rac1 c6 29. Nd3 Ng6 30. Nc5 Qe7 31. Bd3 Qg5 32. Bf1 Nh4 33. f4 Nf3+ 34. Kh1 Qh5 35. h3 Nh4 36. Qf2 Bxg2+ 37. Bxg2 Rxd1+ 38. Rxd1 Qxd1+ 39. Kh2 Nxg2 40. Qxg2 Rd8 41. Qxc6 Rd2+ 42. Kg3 Qe1+ 0-1

[Event "EYCC Girls U16 2021"]
[Site "Tornelo"]
[Date "2021.10.15"]
[Round "1.11"]
[White "Egger, Stefanie"]
[Black "Doll, Rebecca"]
[Result "1/2-1/2"]
[ECO "E14"]
[WhiteElo "1627"]
[BlackElo "1970"]
[Annotator "NA"]
[PlyCount "159"]
[EventDate "2021.10.15"]
[EventType "swiss"]
[EventCountry "NET"]
[SourceTitle "playchess.com"]
[Source "ChessBase"]
[SourceQuality "1"]
[TimeControl "5400+30"]

1. d4 d5 2. c4 e6 3. Nc3 Nf6 4. Nf3 Be7 5. e3 O-O 6. Bd3 b6 7. O-O Bb7 8. b3 Nbd7 $11 9. Bb2 c5 10. cxd5 exd5 11. Rc1 a6 12. a4 Re8 13. Re1 Bd6 14. Ne2 Rc8 15. Ng3 g6 16. Qe2 Ra8 17. Qc2 Ne4 18. dxc5 Nexc5 19. Qc3 Ne5 20. Be2 Rc8 21. Rcd1 Nxa4 22. Qd2 Nc5 23. Nd4 h5 24. b4 Ncd7 25. h3 h4 26. Nf1 Nf6 27. Bd3 Nxd3 28. Qxd3 Bxb4 29. Re2 Ne4 30. Rc2 Qd7 31. Rdc1 Rxc2 32. Nxc2 Bc5 33. Nd2 Nxd2 34. Qxd2 Kh7 35. Nb4 a5 36. Qc3 f5 37. Nd3 Bd6 38. Qf6 Qe7 39. Qd4 b5 40. Nf4 Be5 41. Qxe5 Qxe5 42. Bxe5 Rxe5 43. Rc7+ Kh6 44. Rxb7 b4 45. Rb5 Re4 46. Rxa5 d4 47. Nd3 dxe3 48. fxe3 Rxe3 49. Nxb4 Rb3 50. Nd5 Rd3 51. Kf2 Kg5 52. Ne3 Rd2+ 53. Kf3 Rd3 54. Rd5 Rb3 55. Rd6 Kh5 56. Kf2 Rb2+ 57. Kf3 Rb3 58. Rd2 Kg5 59. Kf2 Kf4 60. Re2 Kg5 61. Nf1 Kh5 62. Nd2 Ra3 63. Re3 Ra2 64. Ke2 g5 65. Rd3 g4 66. Ke3 Kg5 67. Rd5 Ra3+ 68. Rd3 f4+ 69. Ke4 Ra4+ 70. Rd4 Rxd4+ 71. Kxd4 f3 72. gxf3 gxh3 73. Ne4+ Kf4 74. Nf2 h2 75. Nh1 Kxf3 76. Kd3 Kg2 77. Ke2 Kg1 78. Ke1 h3 79. Ke2 Kxh1 80. Kf1 1/2-1/2

[Event "EYCC Girls U16 2021"]
[Site "Tornelo"]
[Date "2021.10.15"]
[Round "1.12"]
[White "Dietz, Kristin"]
[Black "Zusman, Tal"]
[Result "1-0"]
[ECO "B15"]
[WhiteElo "1924"]
[BlackElo "1626"]
[Annotator "NA"]
[PlyCount "91"]
[EventDate "2021.10.15"]
[EventType "swiss"]
[EventCountry "NET"]
[SourceTitle "playchess.com"]
[Source "ChessBase"]
[SourceQuality "1"]
[TimeControl "5400+30"]

1. e4 c6 2. d4 d5 3. Nd2 dxe4 4. Nxe4 Nf6 5. Nxf6+ exf6 6. c3 Bd6 7. Bd3 O-O 8. Qc2 Re8+ 9. Ne2 h5 10. O-O h4 11. h3 Nd7 12. Bf4 Nf8 13. Bxd6 Qxd6 14. Rfe1 Bd7 15. Rad1 Re7 16. Nc1 Rae8 17. Rxe7 Rxe7 18. Nb3 Ne6 19. c4 Kh8 20. Bf5 g6 21. d5 Nf4 22. c5 Qe5 23. d6 Bxf5 24. dxe7 Qxe7 25. Qd2 Nd3 26. Nd4 Be4 27. f3 Qxc5 28. fxe4 Qxd4+ 29. Kf1 Qxe4 30. Qxd3 Qf4+ 31. Kg1 Kg7 32. Qd4 Qb8 33. Rf1 Qe8 34. Rxf6 Kg8 35. Qxh4 Qe3+ 36. Qf2 Qc1+ 37. Kh2 Qc4 38. Qxa7 b5 39. Qa8+ Kg7 40. Qxc6 Qxa2 41. Rf2 b4 42. Qb6 Qb3 43. Rf4 Qxb2 44. Qd4+ Qxd4 45. Rxd4 b3 46. Rb4 1-0

[Event "EYCC Girls U16 2021"]
[Site "Tornelo"]
[Date "2021.10.15"]
[Round "2.1"]
[White "Yue, Qizhou"]
[Black "Kanyamarala, Trisha"]
[Result "0-1"]
[ECO "B55"]
[WhiteElo "1842"]
[BlackElo "2082"]
[Annotator "ChessBase"]
[PlyCount "102"]
[EventDate "2021.10.15"]
[EventType "swiss"]
[EventCountry "NET"]
[SourceTitle "playchess.com"]
[Source "ChessBase"]
[SourceQuality "1"]
[TimeControl "5400+30"]

1. e4 c5 2. Nf3 d6 3. d4 cxd4 4. Nxd4 Nf6 5. f3 Nc6 6. c4 e6 7. Nc3 a6 8. Be3 d5 9. cxd5 exd5 10. exd5 Nxd5 11. Nxd5 Qxd5 12. Nxc6 Qxc6 13. Rc1 Qe6 14. Kf2 Be7 15. Bc4 Qf5 16. Re1 O-O 17. Bd3 Qe5 18. Kg1 Qxb2 19. Rc7 Bf6 20. Bc4 Be6 21. Bxe6 fxe6 22. Qb3 Qxb3 23. axb3 Rf7 24. Rec1 Be5 25. Rc8+ Rf8 26. Rxa8 Rxa8 27. Rd1 Rc8 28. f4 Bf6 29. Rd3 e5 30. fxe5 Bxe5 31. Rd5 Bf6 32. Rd3 b5 33. Kf2 Rc2+ 34. Kf3 a5 35. h3 a4 36. bxa4 bxa4 37. Ra3 Rc4 38. Ke2 Bb2 39. Kd3 Rb4 40. Ra2 a3 41. Bc5 Rb3+ 42. Kc4 Rg3 43. Kb5 Kf7 44. Ka4 Ke6 45. Bxa3 Bxa3 46. Rxa3 Rxa3+ 47. Kxa3 Kf5 48. g3 Ke4 49. Kb4 Kf3 50. g4 Kg3 51. Kc4 g5 0-1

[Event "EYCC Girls U16 2021"]
[Site "Tornelo"]
[Date "2021.10.15"]
[Round "2.2"]
[White "Zvereva, Margarita"]
[Black "Mihelic, Vesna"]
[Result "1/2-1/2"]
[ECO "C54"]
[WhiteElo "2013"]
[BlackElo "1882"]
[Annotator "NA"]
[PlyCount "88"]
[EventDate "2021.10.15"]
[EventType "swiss"]
[EventCountry "NET"]
[SourceTitle "playchess.com"]
[Source "ChessBase"]
[SourceQuality "1"]
[TimeControl "5400+30"]

1. e4 e5 2. Nf3 Nc6 3. Bc4 Bc5 4. d3 Nf6 5. O-O d6 6. c3 Bb6 7. Nbd2 O-O 8. h3 Ne7 9. Bb3 Ng6 10. Nc4 h6 11. Nxb6 axb6 12. Re1 Re8 13. Bc2 d5 14. exd5 Qxd5 15. Bb3 Qd6 16. d4 e4 17. Nd2 Bf5 18. Nc4 Qd7 19. Kh2 b5 20. Ne3 Qd6+ 21. g3 Bd7 $15 22. Ng2 Nd5 23. Qc2 Qe6 24. Bxd5 Qxd5 25. Re3 Ra6 26. b3 Qh5 27. h4 Qg4 28. Kg1 Kh7 29. c4 Qh3 30. Bb2 Bg4 31. d5 bxc4 32. bxc4 f5 33. Ne1 f4 34. Rxe4 fxg3 35. fxg3 Qxg3+ 36. Ng2 Rxe4 37. Qxe4 Bf3 38. Qc2 h5 39. a3 Kg8 40. Qf2 Qg4 41. Kh2 Ra8 42. Rg1 Rf8 43. Qd4 Qxd4 44. Bxd4 Kh7 1/2-1/2

[Event "EYCC Girls U16 2021"]
[Site "Tornelo"]
[Date "2021.10.15"]
[Round "2.3"]
[White "Jovanovic, Anja"]
[Black "Pipiras, Filipa Fortuna"]
[Result "1/2-1/2"]
[ECO "B22"]
[WhiteElo "1781"]
[BlackElo "1995"]
[Annotator "NA"]
[PlyCount "123"]
[EventDate "2021.10.15"]
[EventType "swiss"]
[EventCountry "NET"]
[SourceTitle "playchess.com"]
[Source "ChessBase"]
[SourceQuality "1"]
[TimeControl "5400+30"]

1. e4 c5 2. c3 Nf6 3. e5 Nd5 4. d4 cxd4 5. Nf3 d6 6. cxd4 Nc6 7. Bc4 Nb6 8. Bb5 a6 9. Bxc6+ bxc6 10. O-O Bg4 11. Qd3 e6 12. Qe4 Bxf3 13. Qxf3 d5 14. Qg4 c5 15. Bg5 Qb8 16. Nd2 cxd4 17. Qxd4 Nd7 18. Nf3 Bc5 19. Qc3 O-O 20. Bf4 Rc8 21. Qd3 Qxb2 22. Ng5 g6 23. Qh3 Nf8 24. Qh4 Rab8 25. h3 Be7 26. Qg3 Qa3 27. Nf3 Rc2 28. Rab1 Rxb1 29. Rxb1 Bc5 30. Rf1 Rxa2 31. Bh6 Nd7 32. Qh4 Be7 33. Qf4 Qb4 34. Qe3 Qb6 35. Qf4 Qb4 36. Qe3 Bc5 37. Qg5 Qb8 38. Qf4 Rb2 39. Ng5 Qe8 40. Qh4 Rb4 41. Qg3 a5 42. Rc1 Rb2 43. Kh1 a4 44. Qf4 Rb4 45. Qg3 a3 46. Qxa3 Rb1 47. Qc3 Rxc1+ 48. Qxc1 Bxf2 49. Qf4 Bc5 50. Qa4 Qd8 51. Qf4 Qe7 52. Qa4 f6 53. exf6 Nxf6 54. Qa8+ Qe8 55. Qb7 Nd7 56. Qc6 Be3 57. Qc3 d4 58. Qc4 Ne5 59. Qc7 Nd7 60. Qc4 Ne5 61. Qc7 Nd7 62. Qc4 1/2-1/2

[Event "EYCC Girls U16 2021"]
[Site "Tornelo"]
[Date "2021.10.15"]
[Round "2.4"]
[White "Batagan, Ilinca-Petra"]
[Black "Shpakivskaya, Alina"]
[Result "0-1"]
[ECO "E06"]
[WhiteElo "1977"]
[BlackElo "1875"]
[Annotator "NA"]
[PlyCount "66"]
[EventDate "2021.10.15"]
[EventType "swiss"]
[EventCountry "NET"]
[SourceTitle "playchess.com"]
[Source "ChessBase"]
[SourceQuality "1"]
[TimeControl "5400+30"]

1. d4 Nf6 2. Nf3 e6 3. c4 d5 4. g3 Be7 5. Bg2 O-O 6. cxd5 exd5 7. O-O c6 8. Nc3 Bf5 9. b3 Ne4 10. Bb2 Na6 11. Nd2 Ng5 12. e4 Bh3 13. Re1 Nb4 14. Nf1 Bxg2 15. Kxg2 dxe4 16. Nxe4 Nd5 17. h4 Ne6 18. Ne3 Bb4 19. Rh1 f5 20. Nd2 f4 21. Nxd5 Qxd5+ 22. Nf3 fxg3 $19 23. fxg3 g5 24. hxg5 Nxg5 25. Rf1 Rxf3 26. Rxf3 Rf8 27. Bc1 Nxf3 28. Bf4 Ne1+ 29. Kh3 Qh1+ 30. Kg4 h5+ 31. Kg5 Be7+ 32. Kg6 Rf6+ 33. Kg5 Re6+ 0-1

[Event "EYCC Girls U16 2021"]
[Site "Tornelo"]
[Date "2021.10.15"]
[Round "2.5"]
[White "Hertlein, Irena"]
[Black "Dietz, Kristin"]
[Result "1-0"]
[ECO "B41"]
[WhiteElo "1741"]
[BlackElo "1924"]
[Annotator "NA"]
[PlyCount "67"]
[EventDate "2021.10.15"]
[EventType "swiss"]
[EventCountry "NET"]
[SourceTitle "playchess.com"]
[Source "ChessBase"]
[SourceQuality "1"]
[TimeControl "5400+30"]

1. e4 c5 2. Nf3 e6 3. d4 cxd4 4. Nxd4 a6 5. c4 Qc7 6. Nc3 Nf6 7. Be2 b6 8. O-O Bb7 9. Qd3 Bb4 10. f3 O-O 11. Bg5 Be7 12. f4 d6 13. f5 e5 14. Nb3 Nbd7 15. Bxf6 Nxf6 16. h4 b5 17. Nd2 bxc4 18. Nxc4 Qc5+ 19. Kh1 d5 20. exd5 Nxd5 21. Nxd5 Bxd5 22. Ne3 Bb7 23. Ng4 Bxh4 24. f6 Qc6 25. Qh3 gxf6 26. Bf3 e4 27. Qxh4 exf3 28. Rxf3 f5 29. Nf6+ Qxf6 30. Qxf6 Bxf3 31. gxf3 Rfb8 32. Rg1+ Kf8 33. Qd6+ Ke8 34. Rg8# 1-0

[Event "EYCC Girls U16 2021"]
[Site "Tornelo"]
[Date "2021.10.15"]
[Round "2.6"]
[White "Carevic, Milica"]
[Black "Perez Garcia, Jimena"]
[Result "1-0"]
[ECO "E67"]
[WhiteElo "1675"]
[BlackElo "1914"]
[Annotator "ChessBase"]
[PlyCount "115"]
[EventDate "2021.10.15"]
[EventType "swiss"]
[EventCountry "NET"]
[SourceTitle "playchess.com"]
[Source "ChessBase"]
[SourceQuality "1"]
[TimeControl "5400+30"]

1. d4 Nf6 2. c4 g6 3. g3 Bg7 4. Nf3 O-O 5. Bg2 d6 6. O-O Nbd7 7. Nc3 e5 8. d5 a5 9. e4 Nc5 10. Ne1 Nfd7 11. Be3 Nb6 12. b3 f5 13. exf5 gxf5 14. Bxc5 dxc5 15. Qd2 e4 16. Rd1 Bd7 17. Nc2 a4 18. Rb1 Qf6 19. Ne2 axb3 20. axb3 Ra2 21. Nc1 Bh6 22. Qd1 Rb2 23. Rxb2 Qxb2 24. Ne3 Qd4 25. Ne2 Qe5 26. Qa1 Qe7 27. Rb1 f4 28. Nxf4 Bxf4 29. gxf4 Rxf4 30. Qb2 Qg5 31. Nf1 h5 32. Qd2 Bh3 33. Ng3 Bxg2 34. Kxg2 h4 35. Rh1 Qg4 36. Qe3 hxg3 37. hxg3 Qf3+ 38. Qxf3 Rxf3 39. Rb1 Rc3 40. Re1 Rxb3 41. Rxe4 Kf7 42. Rh4 Ke7 43. Rh7+ Kd6 44. g4 Nxc4 45. g5 Ne5 46. f4 Rb2+ 47. Kg3 Rb3+ 48. Kg2 Ng4 49. g6 Nf6 50. g7 Kxd5 51. Rh6 Ng8 52. Rh8 Nf6 53. Rh6 Ng8 54. Rh8 Rb2+ 55. Kf3 Rb3+ 56. Kg4 Nf6+ 57. Kf5 Rb6 58. Rf8 1-0

[Event "EYCC Girls U16 2021"]
[Site "Tornelo"]
[Date "2021.10.15"]
[Round "2.7"]
[White "Sulyok, Eszter"]
[Black "Cherepanova, Evita"]
[Result "1-0"]
[ECO "A49"]
[WhiteElo "1913"]
[BlackElo "1857"]
[Annotator "NA"]
[PlyCount "61"]
[EventDate "2021.10.15"]
[EventType "swiss"]
[EventCountry "NET"]
[SourceTitle "playchess.com"]
[Source "ChessBase"]
[SourceQuality "1"]
[TimeControl "5400+30"]

1. Nf3 Nf6 2. g3 g6 3. d4 Bg7 4. Bg2 O-O 5. O-O d6 6. a4 a5 7. Nc3 Nc6 8. Re1 Nd7 9. e4 e5 10. Be3 f5 11. exf5 gxf5 12. dxe5 Ndxe5 13. Ng5 h6 14. Nh3 Ng4 15. Nf4 Nce5 16. h3 Nxe3 17. Rxe3 c6 18. Nh5 Bh8 19. Ne2 Kh7 20. b3 d5 21. Rc1 Bd7 22. c3 Qc7 23. Qc2 Nf7 24. Nd4 Nd6 25. Re7+ Kg8 26. Ne6 Qc8 27. Nxf8 Kxf8 28. Rh7 Nf7 29. Qd2 Kg8 30. Rxh8+ Kxh8 31. Qd4+ 1-0

[Event "EYCC Girls U16 2021"]
[Site "Tornelo"]
[Date "2021.10.15"]
[Round "2.8"]
[White "Tzakosta, Konstantina"]
[Black "Follana Albelda, Lucia"]
[Result "0-1"]
[ECO "B22"]
[WhiteElo "1089"]
[BlackElo "1904"]
[Annotator "NA"]
[PlyCount "94"]
[EventDate "2021.10.15"]
[EventType "swiss"]
[EventCountry "NET"]
[SourceTitle "playchess.com"]
[Source "ChessBase"]
[SourceQuality "1"]
[TimeControl "5400+30"]

1. e4 c5 2. c3 Nf6 3. e5 Nd5 4. d4 cxd4 5. cxd4 d6 6. Nf3 Nc6 7. Bc4 Nb6 8. Bb5 dxe5 9. Bxc6+ bxc6 10. Nxe5 Bb7 11. Qf3 Qd5 12. Nc3 Qxf3 13. Nxf3 g6 14. Be3 Bg7 15. O-O O-O 16. Rac1 Rfe8 17. Ne4 Rad8 18. Ne5 Nd5 19. Nc5 Nxe3 20. fxe3 Bxe5 21. Nxb7 Rb8 22. Na5 Bd6 23. Nxc6 Rxb2 24. Nxa7 Rxa2 25. Nb5 Bb8 26. Rf3 Rb2 27. Nc3 Bd6 28. Ne4 Bb4 29. Rcf1 f6 30. R3f2 Rb3 31. Re2 Ra8 32. Rc1 Raa3 33. Kf2 Ra5 34. Nc5 Rba3 35. Rc4 Bc3 36. Ne4 Ba1 37. Rc7 Rf5+ 38. Kg3 Bxd4 39. Rxe7 Be5+ 40. Kg4 Ra4 41. h4 Rxe4+ 42. Kh3 Rf1 43. g3 Rf3 44. Rg2 Rexe3 45. Kh2 Bxg3+ 46. Rxg3 Rxg3 47. Rxe3 Rxe3 0-1

[Event "EYCC Girls U16 2021"]
[Site "Tornelo"]
[Date "2021.10.15"]
[Round "2.9"]
[White "Naymanova, Patricie"]
[Black "Kara, Gulce Nehir"]
[Result "0-1"]
[ECO "D30"]
[WhiteElo "1894"]
[BlackElo "1766"]
[Annotator "NA"]
[PlyCount "72"]
[EventDate "2021.10.15"]
[EventType "swiss"]
[EventCountry "NET"]
[SourceTitle "playchess.com"]
[Source "ChessBase"]
[SourceQuality "1"]
[TimeControl "5400+30"]

1. d4 c5 2. dxc5 e6 3. a3 Bxc5 4. c4 Nf6 5. Nf3 O-O 6. b4 Be7 7. Bb2 d5 8. e3 b6 9. Nbd2 Bb7 10. Be2 Nbd7 11. O-O Ne4 12. Qb3 Nxd2 13. Nxd2 Bf6 14. Rfd1 Bxb2 15. Qxb2 dxc4 16. Nxc4 Qg5 17. f3 Bd5 18. Qd4 Bxc4 19. f4 Qe7 20. Bxc4 Rad8 21. e4 Nf6 22. Qe3 e5 23. Bd5 Qc7 24. f5 Rd6 25. Rd3 Rfd8 26. Rad1 Kf8 27. g4 Nxd5 28. exd5 Qc4 29. Qxe5 Qxg4+ 30. Kh1 f6 31. Qc3 Qxf5 32. Qc4 Rc8 33. Qb3 Qe4+ 34. Kg1 f5 35. Rd4 Rg6+ 36. Kf2 Rg2+ 0-1